 Dungeon Crawl Stone Soup version 0.17.0-28-g6e173f8 (webtiles) character file.

2522 septik the Thaumaturge (level 9, -4/70 HPs)
             Began as a Naga Transmuter on Dec 2, 2015.
             Was a Follower of Cheibriados.
             Slain by an ice beast (9 damage)
             ... on level 6 of the Dungeon.
             The game lasted 00:36:30 (8672 turns).

septik the Thaumaturge (Naga Transmuter)            Turns: 8672, Time: 00:36:32

Health: -4/70      AC:  2    Str: 16    XL:     9   Next: 54%
Magic:  18/21      EV: 19    Int: 18    God:    Cheibriados [*.....]
Gold:   364        SH:  0    Dex: 18    Spells: 3 memorised, 18 levels left

rFire  . . .     SeeInvis +       - Unarmed
rCold  . . .     Clarity  .     (armour currently unavailable)
rNeg   . . .     SustAt   .     (shield currently unavailable)
rPois  x         Gourm    .     (helmet currently unavailable)
rElec  .         Spirit   .     (cloak currently unavailable)
rCorr  .         Warding  .     (gloves currently unavailable)
rMut   .         Stasis   .     (no barding)
MR     +....                    E - amulet of regeneration
Stlth  ++........               (no ring)
                                O - ring of invisibility (curse)

@: lethally poisoned (-4 -> -5), spider-form (expiring), very slow, somewhat
resistant to hostile enchantments, unstealthy
A: see invisible, (deformed body), (poison resistance), (slowness 0), slow
metabolism 1, spit poison 2, AC +3
a: Spit Poison, End Transformation, Bend Time, Renounce Religion, Evoke
Invisibility


You were on level 6 of the Dungeon.
You worshipped Cheibriados.
Cheibriados was aware of your devotion.
You were not hungry.
You were a venomous arachnid creature.
You visited 2 branches of the dungeon, and saw 7 of its levels.

You collected 364 gold pieces.

Inventory:

Hand Weapons
 g - a +1 dagger of protection
Missiles
 a - 56 arrows
 j - 224 stones (quivered)
 A - 7 tomahawks
Armour
 b - a +0 robe
 q - a +0 buckler
 u - a cursed +0 robe (melded)
 G - a +0 pair of gloves (melded)
 M - the cursed +1 leather armour of Distant Worlds {*Contam rPois rF+++ Dex+4, unknown}
   (You found it on level 5 of the Dungeon)

   It affects your dexterity (+4).
   It renders you almost immune to fire.
   It protects you from poison.
   It causes magical contamination when unequipped.
   It has a curse placed upon it.
Magical Staves
 U - an uncursed staff of energy {unknown}
Jewellery
 E - an amulet of regeneration (around neck)
 O - a cursed ring of invisibility (left front leg)
Wands
 w - a wand of confusion (16)
 F - a wand of digging (17)
 L - a wand of heal wounds (0)
Scrolls
 l - 5 scrolls of identify
 o - a scroll of blinking {unknown}
 p - 3 scrolls of remove curse {unknown}
 s - 2 scrolls of random uselessness {unknown}
 v - 2 scrolls of amnesia {unknown}
 y - a scroll of immolation {unknown}
 H - a scroll of recharging {unknown}
 K - a scroll of enchant armour {unknown}
 N - a scroll of magic mapping {unknown}
 P - a scroll of teleportation {unknown}
 R - a scroll of fear {unknown}
Potions
 e - a potion of mutation
 f - 2 potions of might
 h - 2 potions of brilliance
 i - a potion of cancellation {unknown}
 k - a potion of magic {unknown}
 m - 2 potions of heal wounds {unknown}
 n - 2 potions of berserk rage
 r - 2 potions of poison {unknown}
 t - a potion of beneficial mutation {unknown}
 x - a potion of degeneration {unknown}
 B - a potion of ambrosia {unknown}
 C - 3 potions of curing
 J - a potion of flight {unknown}
 S - a potion of lignification {unknown}
Books
 c - a book of Changes

   Spells                             Type                      Level
   a - Beastly Appendage              Transmutation                1
   b - Sticks to Snakes               Transmutation                2
   c - Spider Form                    Transmutation/Poison         3
   d - Ice Form                       Ice/Transmutation            4
   e - Blade Hands                    Transmutation                5
 T - a book of Hinderance

   Spells                             Type                      Level
   a - Confusing Touch                Hexes                        2
   b - Confuse                        Hexes                        3
   c - Gell's Gravitas                Hexes/Translocation          3
   d - Petrify                        Transmutation/Earth          4
   e - Metabolic Englaciation         Hexes/Ice                    5
Comestibles
 d - 4 bread rations
 z - a meat ration
 D - a slice of pizza
 I - a beef jerky
 Q - 5 chunks of flesh


   Skills:
 - Level 1.0 Fighting
 - Level 1.6 Dodging
 - Level 3.7 Shields
 - Level 3.2 Unarmed Combat
 - Level 8.1 Spellcasting
 * Level 7.6 Transmutations
 - Level 3.0 Poison Magic


You had 18 spell levels left.
You knew the following spells:

 Your Spells              Type           Power        Failure   Level  Hunger
a - Beastly Appendage     Trmt           ####..       3%          1    None
b - Sticks to Snakes      Trmt           ####......   4%          2    None
c - Spider Form           Trmt/Pois      ####......   12%         3    #......


Dungeon Overview and Level Annotations

Branches:
Dungeon (6/15)             Temple (1/1) D:5

Altars:
Ashenzari
Cheibriados
Dithmenos
Elyvilon
Fedhas
Gozag
Kikubaaqudgha
Makhleb
Nemelex Xobeh
Okawaru
Qazlal
Sif Muna
Trog
Vehumet
Xom
Yredelemnul
Zin
The Shining One

Annotations:
D:3 Crazy Yiuf
D:4 HandofTrog's ghost, novice MiFi


Innate Abilities, Weirdness & Mutations

You cannot wear boots.
((Your serpentine skin is tough (AC +3).))
You have supernaturally acute eyesight.
((Armour fits poorly on your strangely shaped body.))
((Your system is resistant to poisons.))
((You cover ground very slowly.))
You have a slow metabolism.
You can spit poison.


Message History

* * * LOW HITPOINT WARNING * * *
You are poisoned.
The adder poisons you!
You feel sick. The adder bites you.
* * * LOW HITPOINT WARNING * * *
You feel sick.
The ice beast looks more healthy.
The adder completely misses you.
You feel sick. The adder completely misses you.
The adder completely misses you.
There is a stone staircase leading down here.
You feel sick. The adder completely misses you.
Your transformation is almost over.
The ice beast barely misses you. The adder misses you.
The flow of time bends around you.
Cheibriados rebukes the adder.
The adder seems to slow down.
The ice beast resists with some effort.
You feel slightly more hungry. The ice beast hits you.
* * * LOW HITPOINT WARNING * * *
The ice beast freezes you!
You die...

#...##.##.#
#### #..#.#
##.#.#
#.#.#
####...#
#......#
#.....>#
#....SY#
#.....s#
#......#
#......#
#......#
#......#
#......#
######.#
#.#


You could see an ice beast and an adder.

Vanquished Creatures
  Pikel (D:5)
  Grinder (D:3)
  Edmund (D:5)
  An orc warrior (D:6)
  Duvessa (D:6)
  4 slaves
  A phantom (D:5)
  2 centaurs (D:5)
  Blork the orc (D:6)
  2 giant frogs
  The ghost of HandofTrog the Magician, an amateur FeEn of Kikubaaqudgha (D:5)
  Dowan (D:6)
  3 scorpions
  A hound (D:5)
  5 orc wizards
  6 orc priests
  Ijyb (D:3)
  Jessica (D:3)
  2 centaur skeletons
  An iguana (D:5)
  2 worker ants (D:4)
  A hound skeleton (D:3)
  6 gnolls (D:6)
  5 adders
  4 oozes
  6 worms
  25 orcs
  12 bats
  14 hobgoblins
  9 kobolds
  3 quokkas
  A ball python (D:5)
  7 giant cockroaches
  5 giant geckos
  A giant gecko skeleton (D:5)
  10 giant newts
  12 goblins
  9 jackals
  7 rats
176 creatures vanquished.

Notes
Turn   | Place    | Note
--------------------------------------------------------------
     0 | D:1      | septik the Naga Transmuter began the quest for the Orb.
     0 | D:1      | Reached XP level 1. HP: 18/18 MP: 3/3
   426 | D:1      | Found a shattered altar of Ashenzari.
   450 | D:1      | Reached XP level 2. HP: 25/25 MP: 5/5
  1106 | D:1      | Learned a level 2 spell: Sticks to Snakes
  1369 | D:1      | Reached XP level 3. HP: 22/31 MP: 4/6
  2004 | D:2      | Learned a level 3 spell: Spider Form
  2165 | D:2      | Reached XP level 4. HP: 38/38 MP: 6/8
  2276 | D:2      | Reached skill level 1 in Poison Magic
  2527 | D:2      | Found a sparkling altar of Nemelex Xobeh.
  2531 | D:2      | Found a blossoming altar of Fedhas.
  3119 | D:3      | Noticed Jessica
  3132 | D:3      | Noticed Grinder
  3134 | D:3      | Paralysed by Grinder for 6 turns
  3405 | D:3      | Noticed Ijyb
  3430 | D:3      | Killed Ijyb
  3430 | D:3      | Reached XP level 5. HP: 28/44 MP: 6/9
  3950 | D:3      | Paralysed by Grinder for 6 turns
  4379 | D:3      | Paralysed by Grinder for 5 turns
  4403 | D:3      | Paralysed by Grinder for 3 turns
  4412 | D:3      | Killed Grinder
  4412 | D:3      | Reached skill level 4 in Spellcasting
  4412 | D:3      | Reached XP level 6. HP: 16/51 MP: 8/13
  4797 | D:3      | Reached XP level 7. HP: 29/57 MP: 10/14
  4815 | D:3      | Reached skill level 5 in Spellcasting
  5066 | D:3      | Killed Jessica
  5171 | D:3      | Noticed Crazy Yiuf
  5221 | D:4      | Found an opulent altar of Gozag.
  5289 | D:4      | Noticed HandofTrog's ghost (novice MiFi)
  6082 | D:4      | Reached skill level 1 in Shields
  6193 | D:4      | Reached skill level 5 in Transmutations
  6485 | D:5      | Entered Level 5 of the Dungeon
  6543 | D:5      | Noticed HandofTrog's ghost (amateur FeEn)
  6680 | D:5      | Noticed Pikel
  6698 | D:5      | Killed Pikel
  6698 | D:5      | Reached skill level 6 in Spellcasting
  6698 | D:5      | Reached XP level 8. HP: 32/64 MP: 14/17
  6706 | D:5      | Got a polished leather armour
  6829 | D:5      | Found a glowing golden altar of the Shining One.
  7031 | D:5      | Noticed Edmund
  7134 | D:5      | Killed Edmund
  7134 | D:5      | Reached skill level 7 in Spellcasting
  7137 | D:5      | Found a staircase to the Ecumenical Temple.
  7147 | Temple   | Entered the Ecumenical Temple
  7383 | Temple   | Became a worshipper of Cheibriados the Contemplative
  7441 | D:5      | Reached XP level 9. HP: 64/70 MP: 15/19
  7588 | D:5      | Was placed under penance by Cheibriados
  7589 | D:5      | Killed HandofTrog's ghost
  7689 | D:5      | Was forgiven by Cheibriados
  7808 | D:5      | Found a bloodstained altar of Trog.
  8398 | D:6      | Noticed Dowan
  8410 | D:6      | Noticed Duvessa
  8439 | D:6      | Killed Duvessa
  8439 | D:6      | Reached skill level 8 in Spellcasting
  8440 | D:6      | Killed Dowan
  8537 | D:6      | Reached * piety under Cheibriados
  8615 | D:6      | Noticed Blork the orc
  8650 | D:6      | Killed Blork the orc
  8672 | D:6      | Slain by an ice beast

Action                   |  1- 3 |  4- 6 |  7- 9 || total
-------------------------+-------+-------+-------++-------
Melee: Unarmed           |   158 |   265 |   436 ||   859
Throw: Stone             |     5 |     5 |     2 ||    12
 Cast: Beastly Appendage |    14 |    17 |     9 ||    40
       Sticks to Snakes  |       |     8 |     1 ||     9
       Spider Form       |       |     4 |    36 ||    40
Invok: Bend Time         |       |       |     1 ||     1
 Abil: Spit Poison       |       |     5 |     1 ||     6
  Use: Scroll            |       |     3 |     1 ||     4
       Potion            |       |     1 |     1 ||     2
 Stab: Sleeping          |       |     1 |       ||     1
  Eat: Chunk             |     3 |     8 |    17 ||    28
